 Dungeon Crawl Stone Soup version 0.25.0-3-gd7cc5688da (webtiles) character file.

Game seed: 69576371683248857

548 Scuka the Cudgeler (level 7, -3/45 HPs)
             Began as a Kobold Berserker on June 15, 2020.
             Was a Priest of Trog.
             Slain by Grinder (5 damage)
             ... while paralysed by Grinder
             ... on level 4 of the Dungeon.
             The game lasted 00:05:07 (6348 turns).

Scuka the Cudgeler (Kobold Berserker)               Turns: 6348, Time: 00:05:08

Health: -3/45      AC:  6    Str: 15    XL:     7   Next: 53%
Magic:  7/7        EV:  3    Int:  8    God:    Trog [***...]
Gold:   177        SH:  0    Dex: 16    Spells: 6/6 levels left

rFire    . . .     SeeInvis .   a - +0 mace
rCold    . . .     Gourm    .   (shield restricted)
rNeg     . . .     Faith    .   h - +0 ring mail
rPois    +         Spirit   .   o - +0 helmet
rElec    .         Reflect  .   (no cloak)
rCorr    .         Harm     .   (no gloves)
MR       .....     Rnd*Tele +   (no boots)
Stlth    +.........             (no amulet)
HPRegen  0.15/turn              y - ring of poison resistance
MPRegen  0.10/turn              z - ring of teleportation (curse)

@: paralysed, berserk cooldown, slowed
A: small, carnivore
a: Berserk, Trog's Hand, Renounce Religion


You were on level 4 of the Dungeon.
You worshipped Trog.
Trog was most pleased with you.
You were very full.

You visited 1 branch of the dungeon, and saw 5 of its levels.

You collected 177 gold pieces.

Inventory:

Hand Weapons
 a - a +0 mace (weapon)
 q - a +0 hunting sling
Missiles
 e - 13 sling bullets
Armour
 h - a +0 ring mail (worn)
 o - a +0 helmet (worn)
Jewellery
 y - a ring of poison resistance (left hand)
 z - a cursed ring of teleportation (right hand)
Wands
 v - a wand of acid (5)
Scrolls
 b - 3 scrolls of blinking {unknown}
 d - 2 scrolls of fog {unknown}
 g - 2 scrolls of enchant weapon {unknown}
 i - 2 scrolls of magic mapping {unknown}
 j - 4 scrolls of identify {unknown}
 r - a scroll of amnesia {unknown}
 s - 3 scrolls of fear {unknown}
 t - a scroll of remove curse {unknown}
Potions
 f - a potion of lignification {unknown}
 k - a potion of resistance {unknown}
 l - a potion of mutation {unknown}
 m - 2 potions of curing {unknown}
 n - 2 potions of haste {unknown}
 p - 3 potions of degeneration {unknown}
 u - a potion of stabbing {unknown}
 w - 2 potions of flight {unknown}
 x - a potion of might {unknown}
Comestibles
 c - 10 rations


   Skills:
 + Level 5.7 Fighting
 * Level 6.2 Maces & Flails
 - Level 1.5 Armour
 - Level 2.4 Dodging


You had 6 spell levels left.
You didn't know any spells.
Your spell library was empty.

Dungeon Overview and Level Annotations

Branches:
Dungeon (5/15)
 Temple: D:4-7

Altars:
Ashenzari
Dithmenos
Qazlal
Trog
Vehumet
Zin
The Shining One

Shops:
D:4 *

Annotations:
D:4 3 runed translucent doors, Grinder; Sedillia's ghost, amateur TrBe; Sedillia's ghost, novice MiBe; windycow's ghost, novice CeHu


Innate Abilities, Weirdness & Mutations

You are small and have problems with some larger weapons.
You are carnivorous and can eat meat at any time.


Message History

You climb upwards.
Level annotation: 3 runed translucent doors, Sedillia's ghost, amateur TrBe; Sedillia's ghost, novice MiBe; windycow's ghost, novice CeHu
There is a stone staircase leading down here.
Unknown command.
Grinder gestures at you.
You suddenly lose the ability to move!
Grinder gestures at you. You resist with significant effort.
Grinder completely misses you. Grinder hits you.
* * * LOW HITPOINT WARNING * * *
You writhe in agony.
* * * LOW HITPOINT WARNING * * *
Grinder hits you but does no damage. Grinder hits you.
* * * LOW HITPOINT WARNING * * *
Grinder hits you.
* * * LOW HITPOINT WARNING * * *
You writhe in agony.
You die...

#.# #.#.......# ######### #.#
#.#.##..... ........# #.#
#...##...## #######.# #.#
#.###.....# #.# #.# #.# ##.....
#.# #.#######.####..### ##.##
#...............# ##...##
#####.#########.# ##.....##
#.@5....# ##'## #.......#
#.###.#.# ##...## ##.....##
##.###.#.# ##.....# #
##....#####......#.# ##.......
####........##........###........
'.......................+........
####.....##.##........###........
# ##.......##........# ##.......
####.#######.###### ##.....#


You could see Grinder.

Vanquished Creatures
  A phantom (D:4)
  A scorpion (D:3)
  2 hounds (D:4)
  A bullfrog skeleton (D:4)
  Jessica (D:2)
  3 worker ants
  Robin (D:3)
  13 adders
  4 dart slugs
  3 leopard geckos
  2 orcs
  A ball python (D:3)
  8 bats
  3 giant cockroaches
  15 goblins
  7 hobgoblins
  6 jackals
  2 quokkas (D:3)
  7 frilled lizards
  9 kobolds
  A leopard gecko skeleton (D:4)
  A quokka skeleton (D:4)
  12 rats
104 creatures vanquished.

Vanquished Creatures (others)
  4 toadstools (D:1)
4 creatures vanquished.

Grand Total: 108 creatures vanquished

Notes
Turn   | Place    | Note
-------+----------+-------------------------------------------
     0 | D:1      | Scuka the Kobold Berserker began the quest for the Orb.
     0 | D:1      | Reached XP level 1. HP: 14/14 MP: 1/1
    63 | D:1      | Reached skill level 3 in Maces & Flails
    63 | D:1      | Reached XP level 2. HP: 19/19 MP: 2/2
   782 | D:1      | Reached XP level 3. HP: 21/24 MP: 3/3
  1110 | D:2      | Reached ** piety under Trog
  1149 | D:2      | Reached XP level 4. HP: 11/29 MP: 4/4
  1463 | D:2      | Found a glowing golden altar of the Shining One.
  1501 | D:2      | Reached skill level 4 in Maces & Flails
  1933 | D:2      | Noticed Jessica
  1936 | D:2      | Killed Jessica
  1936 | D:2      | Reached XP level 5. HP: 33/33 MP: 5/5
  2073 | D:2      | Found a radiant altar of Vehumet.
  2073 | D:2      | Found a bloodstained altar of Trog.
  2149 | D:2      | Found a faded altar of an unknown god.
  2153 | D:2      | Found a shattered altar of Ashenzari.
  2156 | D:2      | Found a glowing silver altar of Zin.
  2303 | D:3      | Reached *** piety under Trog
  2408 | D:3      | Reached XP level 6. HP: 15/39 MP: 6/6
  3044 | D:3      | Reached skill level 5 in Maces & Flails
  3362 | D:3      | Noticed Robin
  3414 | D:3      | Killed Robin
  4259 | D:4      | Noticed a phantom
  4594 | D:4      | Reached skill level 5 in Fighting
  5068 | D:4      | Found a shadowy altar of Dithmenos.
  5069 | D:4      | Found a stormy altar of Qazlal.
  5281 | D:4      | Reached XP level 7. HP: 44/44 MP: 7/7
  5327 | D:4      | Reached skill level 6 in Maces & Flails
  5786 | D:4      | Found Ihuluap's Mass Market.
  5924 | D:4      | Found a runed translucent gate.
  5924 | D:4      | Found a runed translucent gate.
  5925 | D:4      | Found a runed translucent gate.
  5925 | D:4      | Noticed windycow's ghost (novice CeHu)
  5925 | D:4      | Noticed Sedillia's ghost (novice MiBe)
  5925 | D:4      | Noticed Sedillia's ghost (amateur TrBe)
  6272 | D:5      | Entered Level 5 of the Dungeon
  6310 | D:5      | Noticed Grinder
  6334 | D:5      | Paralysed by Grinder for 7 turns
  6343 | D:4      | Paralysed by Grinder for 6 turns
  6348 | D:4      | HP: 2/45 [Grinder (2)]
  6348 | D:4      | Slain by Grinder

Illustrated notes

Levels and vault maps discovered:
D:1:      ldierk_walled_garden_2, layout_loops_corners, minmay_circled_x
D:2:      layout_loops_cross, chequers_temple_overflow_minitemple,
          nicolae_tso_carved_into_rock, st_stairs_8, uniq_jessica
D:3:      layout_basic, kennysheep_nondescript, uniq_robin
D:4:      layout_loops_corners, gammafunk_temple_overflow_pools, first_ration,
          gammafunk_ghost_cemetery, small_statue_intersection, minmay_shop_mass,
          bh_walls_and_bars
D:5:      layout_cave_pods, kennysheep_ying_yang, ebering_ghost_sewer_d,
          nicolae_alphabet_shops, uniq_grinder

Skill      XL: |  1  2  3  4  5  6  7 |
---------------+----------------------+-----
Maces & Flails | 3 4 5 6 |  6.2
Fighting       | 4 5 |  5.7
Armour         | |  1.5
Dodging        | |  2.4

Action                   |  1- 3 |  4- 6 |  7- 9 || total
-------------------------+-------+-------+-------++-------
Melee: Mace              |    93 |   261 |    68 ||   422
Invok: Berserk           |     3 |     9 |     1 ||    13
       Trog's Hand       |       |     1 |     1 ||     2
  Eat: Chunk             |    11 |    20 |     5 ||    36
Armor: Ring mail         |    38 |    83 |    20 ||   141
Dodge: Dodged            |   102 |   240 |    44 ||   386
